 Dungeon Crawl Stone Soup version 0.21-a0-91-ga5031da (webtiles) character file.

1062150 4thArraOfDagon the Slayer (level 27, -5/252 (254) HPs)
             Began as a Demonspawn Chaos Knight on June 30, 2017.
             Was a High Priest of Wu Jian.
             Slain by an Ice Fiend (29 damage)
             ... summoned by Mnoleg
             ... while paralysed by a floating eye
             ... in Pandemonium.
             The game lasted 03:41:30 (33509 turns).

4thArraOfDagon the Slayer (DsCK)                   Turns: 33509, Time: 03:41:31

HP:   -5/252 (254)  AC: 33    Str: 16      XL:     27
MP:   0/38          EV:  2    Int: 23 (26) God:    Wu Jian [*****.]
Gold: 2847          SH:  0    Dex: 26      Spells: 38/66 levels left

rFire    + + +     SeeInvis +   I - +11 plutonium sword {*Contam Stlth-}
rCold    . . .     Gourm    .   (shield currently unavailable)
rNeg     + . .     Faith    .   (armour currently unavailable)
rPois    ∞         Spirit   +   (helmet unavailable)
rElec    +         Reflect  .   T - +2 cloak "Kiniomie" {Dex+7}
rCorr    .         Harm     .   (gloves currently unavailable)
MR       ++...                  (boots currently unavailable)
Stlth    +.........             E - amulet of regeneration
HPRegen  0.92/turn              U - ring of Efirghur {rPois rF++ EV+4 Dex-4 Slay+3}
MPRegen  0.52/turn              m - ring of Jyezik {+Blink MP-9 Str+3 Int+2 Dex+10}

@: paralysed, statue-form, glowing, repel missiles, heavenly storm
A: antennae 3, hooves 1, repulsion field 3, deformed body, deterioration 1, fire
resistance 2, hurl damnation, frail 2, poison resistance, spiny 3, weak 1, wild
magic 1, evolution 2, magic shield, magic regeneration, magic link, flame cloud
immunity
}: 9/15 runes: serpentine, barnacled, slimy, silver, golden, abyssal, demonic,
magical, fiery
a: Hurl Damnation, End Transformation, Serpent's Lash, Heavenly Storm, Renounce
Religion, Evoke Blink


You were in Pandemonium.
You worshipped Wu Jian.
Wu Jian was extremely pleased with you.
You were full.
You were a stone statue.
You visited 12 branches of the dungeon, and saw 60 of its levels.
You visited Pandemonium 2 times, and saw 18 of its levels.
You visited the Abyss 3 times.
You visited 1 ziggurat, and saw 12 of its levels.
You also visited: Labyrinth, Ossuary and Ice Cave.

You collected 6910 gold pieces.
You spent 4063 gold pieces at shops.

Inventory:

Hand Weapons
 d - the +10 great sword of the Scorpion {drain, Dex+2}
   (You found it on level 3 of the Depths)

   A truly terrible weapon, it drains the life of those it strikes.
   It affects your dexterity (+2).
 u - the +8 great sword of the Blowfly {slice, Int+7}
   (You acquired it on level 11 of the Dungeon)

   It inflicts extra damage upon your enemies.
   It affects your intelligence (+7).
 I - the +11 plutonium sword (weapon) {*Contam Stlth-}
   (You found it on level 5 of the Pits of Slime)

   It causes magical contamination when unequipped.
   It makes you less stealthy.
Missiles
 h - 7 throwing nets (quivered)
Armour
 g - a +2 pair of gloves of strength (melded)
 o - a +2 pair of boots of flying (melded)
 T - the +2 cloak "Kiniomie" (worn) {Dex+7}
   (You acquired it on level 2 of the Abyss)

   It affects your dexterity (+7).
 W - a +4 troll leather armour (melded)
Magical Staves
 R - an uncursed staff of wizardry {!a}
Jewellery
 i - the ring "Liaxiror" {+Fly rPois rC- rN+++ Str+3}
   (You bought it in a shop on level 5 of the Vaults)

   [ring of flight]

   It affects your strength (+3).
   It makes you vulnerable to cold.
   It protects you from poison.
   It renders you almost immune to negative energy.
   It lets you fly.
 m - the ring of Jyezik (right hand) {+Blink MP-9 Str+3 Int+2 Dex+10}
   (You bought it in a shop on level 5 of the Vaults)

   [ring of strength]

   It affects your strength (+3).
   It affects your intelligence (+2).
   It affects your dexterity (+10).
   It affects your magic capacity (-9).
   It lets you blink.
 n - the ring of Greed {rCorr rPois Int+4 Dex+2 SInv}
   (You took it off a kobold demonologist on level 11 of the Dungeon)

   [ring of resist corrosion]

   It affects your intelligence (+4).
   It affects your dexterity (+2).
   It protects you from poison.
   It lets you see invisible.
 E - an amulet of regeneration (around neck)
 G - the ring "Beqoluwk" {rCorr rElec Dex+3}
   (You found it on level 5 of the Pits of Slime)

   [ring of resist corrosion]

   It affects your dexterity (+3).
   It insulates you from electricity.
 P - the brooch of Shielding {Reflect SH+8}
   (You took it off a deep elf death mage on level 3 of the Elven Halls)

   [amulet of reflection]

   It shields you and reflects attacks.
   It affects your SH (+8).
 U - the ring of Efirghur (left hand) {rPois rF++ EV+4 Dex-4 Slay+3}
   (You found it on level 8 of the Dungeon)

   [ring of evasion]

   It affects your evasion (+4).
   It affects your dexterity (-4).
   It affects your accuracy and damage with ranged weapons and melee attacks
   (+3).
   It greatly protects you from fire.
   It protects you from poison.
Wands
 a - a wand of digging (7/24)
 V - a wand of acid (9/15)
Scrolls
 b - 3 scrolls of summoning
 f - 21 scrolls of remove curse
 l - 4 scrolls of blinking
 v - 9 scrolls of fog
 z - 14 scrolls of teleportation
 F - 12 scrolls of identify
 L - 7 scrolls of enchant armour
 M - 2 scrolls of recharging
 Q - 12 scrolls of fear
 Y - 8 scrolls of magic mapping
Potions
 e - 4 potions of brilliance
 j - 3 potions of mutation
 q - 2 potions of heal wounds
 s - a potion of haste
 t - 5 potions of invisibility
 w - 6 potions of flight
 A - 8 potions of cancellation
 B - 6 potions of might
 C - 5 potions of berserk rage
 D - 3 potions of ambrosia
 J - 5 potions of magic
 K - 8 potions of agility
 X - 4 potions of resistance
 Z - 2 potions of curing
Miscellaneous
 k - a fan of gales
 p - a lamp of fire
 r - a lightning rod (4/4)
 y - a figurine of a ziggurat
 H - 4 phantom mirrors
 N - 4 boxes of beasts
 O - 6 sacks of spiders
 S - a phial of floods
Comestibles
 c - 31 bread rations
 x - 8 meat rations


   Skills:
 - Level 26.1 Fighting
 - Level 26.0 Long Blades
 - Level 12.2 Armour
 - Level 26.0 Dodging
 - Level 20.0 Spellcasting
 - Level 10.1 Transmutations
 - Level 10.0 Earth Magic
 * Level 15.1 Evocations


You had 38 spell levels left.
You knew the following spells:

 Your Spells              Type           Power        Failure   Level  Hunger
a - Blink                 Tloc           N/A          5%          2    None
b - Beastly Appendage     Tmut           ######       1%          1    None
c - Statue Form           Tmut/Erth      ######...    8%          6    ###....
d - Apportation           Tloc           ####..       3%          1    None
e - Sublimation of Blood  Necr           ####......   5%          2    None
f - Passwall              Tmut/Erth      ######....   1%          2    None
g - Lee's Rapid Deconstr  Erth           ######....   1%          5    None
h - Silence               Hex/Air        ####......   58%         5    None
i - Swiftness             Chrm/Air       ####....     5%          2    None
j - Song of Slaying       Chrm           ####....     5%          2    None


Dungeon Overview and Level Annotations

Branches:
Dungeon (15/15)              Lair (6/6) D:9          Shoals (4/4) Lair:4
  Snake (4/4) Lair:2        Slime (5/5) Lair:6          Orc (2/2) D:12
    Elf (3/3) Orc:2        Vaults (5/5) D:13          Crypt (3/3) Vaults:3
   Tomb (3/3) Crypt:3      Depths (5/5) D:15            Zot (5/5) Depths:5
 Temple: D:4-7

Altars:
Ashenzari
Dithmenos
Fedhas
Kikubaaqudgha
Okawaru
Qazlal
Ru
Trog
Uskayaw
Wu Jian
Xom
Yredelemnul
Zin
Jiyva

Shops:
D:6 :   D:9 [!%   D:11 (   D:13 (   Orc:2 !*?:   Shoals:4 *   Snake:2 :
Snake:4 %   Vaults:1 *(   Vaults:2 [   Vaults:5 %%%=[[   Depths:1 [:
Depths:3 =[}   Depths:5 }=}

Portals:
Hell: Depths:1 Depths:2 Depths:3 Depths:4
Abyss: Depths:2 Depths:4 Depths:5
Pandemonium: Depths:3 Depths:5

Annotations:
D:11 1 runed door
Shoals:1 exclusion: Roxanne, Roxanne
Elf:2 3 runed doors
Pan Mnoleg


Innate Abilities, Weirdness & Mutations

You have a pair of large antennae on your head. (SInv)
You are surrounded by a strong repulsion field. (EV +4, RMsl)
Your flesh is very heat resistant. (rF++)
You can hurl damnation.
You are completely covered in sharp spines.
When hurt, damage is shared between your health and your magic reserves.
You regenerate magic rapidly.
When low on magic, you restore magic in place of health.
You are immune to clouds of flame.
You have large cloven feet.
Armour fits poorly on your strangely shaped body.
Your body sometimes deteriorates upon taking damage.
You are very frail. (-20% HP)
Your system is resistant to poisons. (rPois)
((You are covered in fur. (AC +1)))
You are weak. (Str -2)
Your spells are a little harder to cast, but a little more powerful.
You rapidly evolve.


Message History

The floating eye suddenly seems more agile.
The large abomination suddenly seems more resistant.
The floating eye gazes piercingly through you!
You suddenly lose the ability to move!
The Ice Fiend calls on the powers of darkness!
The eye of devastation convulses!
The great orb of eyes convulses!
Your body is wracked with pain!
The floating eye convulses!
Mnoleg claws you but does no damage. Mnoleg tentacle-slaps you!!
Mnoleg gores you! Mnoleg kicks you but does no damage.
You hear a shout!
The Ice Fiend claws you!
* * * LOW HITPOINT WARNING * * *
The Ice Fiend freezes you!!!
* * * LOW HITPOINT WARNING * * *
Your body deteriorates!
You feel dopey. The Ice Fiend claws you!
* * * LOW HITPOINT WARNING * * *
The Ice Fiend freezes you!!!
You die...
Xom bursts into laughter!

... #.. ## .# #..###.#
##.##...... #{!. .....
### ##{.{##§§§# ##.##
#.{..{#§§§# #...#
#.{.{{#8§####..#
.#.{{{{#&1##....#
.{..{{{GGXG§....#.#
.....{§§§{§§.......#
.##..3##§§####........#
#{.. #§§§§.#####....#
..{.{ .§§§§§.2.# #...#
.{. ............# ...#
...{...........#. ..#


You could see Mnoleg, an Ice Fiend, a great orb of eyes, an eye of devastation,
a large abomination and a floating eye.

Vanquished Creatures
  Cerebov (Pan)
  the Royal Jelly (Slime:5)
  A seraph (Pan)
  Lom Lobon (Pan)
  9 orbs of fire
  9 ancient liches
  Mennas (Vaults:3)
  Boris (Depths:3)
  Sojobo (Crypt:3)
  A shard shrike (Zig:6)
  40 greater mummies
  Frederick (Crypt:2)
  Margery (Crypt:2)
  2 pandemonium lords (Pan)
  A curse toe (Zot:4)
  2 Killer Klowns (Zot:5)
  8 golden dragons
  A pearl dragon (Pan)
  Jory (Vaults:3)
  A Tzitzimitl (Zot:5)
  7 bone dragons
  2 electric golems (Zot:5)
  A doom hound (Vaults:2)
  The ghost of p0werm0de the Black Belt, an adept DsCK of Xom (Vaults:5)
  3 Brimstone Fiends (Pan)
  Jorgrun (Depths:4)
  14 tentacled monstrosities
  A hellephant (Zot:5)
  9 liches
  An Ice Fiend (Pan)
  A Hell Sentinel (Pan)
  22 Orb Guardians (Zot:5)
  2 deep elf blademasters (Elf:3)
  6 quicksilver dragons
  9 titans
  Frances (Snake:2)
  14 acid blobs
  4 deep elf master archers
  5 tentacled starspawn
  3 death cobs
  8 Executioners
  Agnes (Snake:2)
  16 ancient champions
  7 tengu reavers
  15 sphinxes
  7 daevas (Pan)
  Donald (Crypt:2)
  4 draconian monks
  9 shadow dragons
  3 revenants
  14 storm dragons
  Ilsuiw (Shoals:4)
  5 draconian knights
  12 fire giants
  4 iron dragons
  Louise (D:15)
  8 nagarajas
  10 deep elf sorcerers
  14 frost giants
  18 vault wardens
  11 balrugs (Pan)
  11 azure jellies
  The ghost of melvinkitnick the Impaler, an adept GrFi of the Shining One (D:15)
  7 cacodemons (Pan)
  4 draconian stormcallers
  An orc warlord (Zig:4)
  4 draconian scorchers
  5 draconian shifters
  6 deep elf elementalists
  A ghost moth (Vaults:4)
  2 warmongers (Pan)
  A curse skull (Crypt:1)
  13 angels (Pan)
  11 draconian annihilators
  5 ghouls
  6 caustic shrike skeletons (Depths:4)
  7 spriggan defenders
  12 ophanim (Pan)
  6 entropy weavers
  6 apis (Pan)
  2 blood saints
  5 war gargoyles
  17 stone giants
  5 green draconians
  9 very ugly things
  A reaper (Zig:2)
  11 deep elf demonologists
  13 ironheart preservers
  5 black draconians
  14 yellow draconians
  14 bennus
  7 purple draconians
  2 black suns (Pan)
  5 red draconians
  11 vampire knights
  3 lorocyprocas
  4 dire elephants
  9 spark wasps
  10 deep elf annihilators
  2 blizzard demons (Pan)
  A quicksilver dragon zombie (Tomb:2)
  2 green deaths (Pan)
  15 ettins
  3 merfolk javelineers (Shoals:4)
  3 crystal guardians (Crypt:3)
  6 merfolk impalers (Shoals:4)
  3 eidola (Crypt:1)
  38 mummy priests
  10 white draconians
  7 jiangshi (Depths:3)
  3 death oozes (Slime:5)
  10 deep elf high priests
  7 fire dragons
  2 minotaurs
  10 deep elf death magi
  13 great orbs of eyes
  A quicksilver dragon skeleton (Crypt:3)
  33 vault guards
  10 yaktaur captains
  14 naga warriors
  A juggernaut simulacrum (Zig:12)
  7 spriggan air magi
  3 rakshasas
  8 ice dragons
  6 hydras
  10 centaur warriors
  2 merfolk aquamancers (Shoals:4)
  4 death knights
  An anaconda (shapeshifter) (Vaults:1)
  A monstrous demonspawn (Pan)
  2 alligators
  2 merfolk avatars (Shoals:4)
  12 anacondas
  6 catoblepae
  53 two-headed ogres
  2 alligator snapping turtles
  8 tengu warriors
  13 ogre magi
  19 dancing weapons
  9 deep troll shamans
  19 death scarabs
  9 deep troll earth magi
  10 vampire magi
  17 naga sharpshooters
  4 satyrs
  8 death yaks
  14 shock serpents
  2 orc high priests
  36 spriggans (Depths:4)
  9 thrashing horrors
  2 holy swine (Pan)
  2 spriggan berserkers
  A hell hog (Vaults:1)
  18 hell knights
  5 soul eaters
  15 sun demons
  2 titan zombies
  17 deep elf knights
  3 titan skeletons
  4 iron trolls
  4 shadow wraiths
  29 skeletal warriors
  2 glowing orange brains
  2 wretched stars (Abyss:2)
  9 cherubim (Pan)
  4 sixfirhies (Pan)
  7 sea snakes
  12 unseen horrors
  A shadow demon (Zot:5)
  2 unseen horrors (shapeshifter) (Vaults:5)
  8 salamander mystics
  7 flayed ghosts
  A kraken simulacrum (Shoals:4)
  A spark wasp zombie (Zig:12)
  4 spriggan druids (Depths:4)
  15 deep elf archers
  31 deep trolls
  3 gelid demonspawn (Pan)
  4 lindwurms
  A torturous demonspawn (Pan)
  8 wizards
  6 naga ritualists
  14 necromancers
  An anaconda zombie (Crypt:3)
  15 orc knights
  Pikel (D:6)
  A tengu zombie (Vaults:5)
  14 phantasmal warriors
  4 fire giant zombies
  13 ironbrand convokers
  15 fauns
  An orb spider (Depths:4)
  9 orc sorcerers
  2 iron dragon zombies
  11 oklob plants
  5 frost giant zombies
  12 mana vipers
  11 harpies
  The ghost of 4thArraOfDagon the Slasher, a novice DsCK of Xom (D:6)
  42 ugly things
  4 shining eyes
  50 deep elf magi
  2 wolf spiders (Vaults:3)
  11 manticores
  A worldbinder (Abyss:2)
  16 moths of wrath
  A stone giant zombie (Depths:2)
  11 cyclopes
  16 elephants
  6 water nymphs
  7 salamanders
  8 guardian serpents
  5 merfolk sirens
  2 frost giant skeletons (Tomb:2)
  A black mamba (shapeshifter) (Vaults:5)
  A stone giant skeleton (Vaults:3)
  A rust devil (Depths:3)
  3 centaur zombies
  17 vault sentinels
  7 centaur skeletons
  2 eyes of devastation
  28 naga magi
  5 orange demons
  An ice statue (IceCv)
  28 black mambas
  A dire elephant zombie (Crypt:1)
  A gargoyle (D:14)
  A torpor snail (Depths:5)
  The ghost of 4thArraOfDagon the Slasher, a novice DsCK of Xom (D:10)
  A spriggan zombie (Depths:2)
  17 smoke demons
  An elephant slug zombie (Crypt:1)
  A spiny frog (shapeshifter) (D:15)
  10 spiny frogs
  An emperor scorpion zombie (Tomb:3)
  2 efreet
  A swamp worm zombie (Crypt:1)
  3 hellions (Pan)
  11 freezing wraiths
  3 rime drakes
  3 yaktaurs (shapeshifter)
  2 kobold demonologists
  3 tormentors
  30 yaktaurs
  A minotaur zombie (Crypt:1)
  4 tengu conjurers
  5 komodo dragons
  2 harpy zombies
  A yellow draconian skeleton (Crypt:2)
  A wind drake (shapeshifter) (Vaults:5)
  A hydra zombie (Tomb:3)
  A tyrant leech (Vaults:3)
  A demonic crawler (Pan)
  2 ice devils
  11 red devils
  52 guardian mummies
  A jumping spider (Vaults:3)
  15 merfolk
  30 polar bears
  8 trolls
  15 hellwings (Pan)
  17 hornets
  10 blink frogs
  A blink frog (shapeshifter) (Vaults:5)
  60 slime creatures
  Grinder (D:6)
  A hornet (shapeshifter) (Vaults:2)
  A hydra skeleton (Crypt:3)
  A hippogriff (shapeshifter) (D:15)
  6 wind drakes
  An ice dragon zombie (Crypt:3)
  4 snapping turtles (Shoals:4)
  18 large abominations
  2 raiju
  5 hippogriffs
  A fire dragon zombie (Zig:2)
  2 redbacks
  2 fire giant simulacra
  46 flying skulls
  4 shadows
  A tarantella (shapeshifter) (Vaults:4)
  A centaur simulacrum (D:15)
  41 yaks
  4 ynoxinuls (Pan)
  18 water elementals
  7 air elementals
  An ettin skeleton (Tomb:3)
  A fire dragon skeleton (Crypt:3)
  A yak (shapeshifter) (Depths:4)
  Eustachio (D:6)
  A vampire (D:15)
  A tarantella (Vaults:1)
  4 wyverns
  A hog (shapeshifter) (Vaults:3)
  5 basilisks
  22 ushabtiu
  11 wraiths
  9 neqoxecs (Pan)
  6 fire elementals
  A golden eye (shapeshifter) (Vaults:1)
  A basilisk (shapeshifter) (Vaults:2)
  12 golden eyes
  2 chaos spawn
  A yaktaur simulacrum (Vaults:5)
  5 small abominations
  4 vampire mosquitoes (D:15)
  A hungry ghost (D:14)
  26 nagas
  A soldier ant (shapeshifter) (Vaults:3)
  16 wargs
  A deep troll zombie (Vaults:5)
  23 hell hounds
  9 water moccasins
  Duvessa (D:6)
  2 porcupines
  4 acid dragons
  A spiny frog skeleton (Crypt:3)
  4 floating eyes
  5 ice beasts
  52 orc warriors
  2 sky beasts
  3 slaves (D:5)
  19 ogres
  11 black bears (Lair:6)
  5 eyes of draining
  6 necrophages
  An ettin simulacrum (Zig:6)
  A spriggan simulacrum (Depths:2)
  2 snapping turtle zombies
  A dream sheep zombie (Crypt:2)
  46 wolves
  3 eyes of draining (shapeshifter)
  An ogre (shapeshifter) (Vaults:1)
  19 boggarts
  A manticore skeleton (Crypt:3)
  28 centaurs
  8 crocodiles
  A hippogriff zombie (Shoals:1)
  Blork the orc (D:6)
  An elf zombie (Ossuary)
  4 big kobolds
  20 bullfrogs
  2 human skeletons
  3 earth elementals
  A water moccasin zombie (D:7)
  3 scorpions
  Dowan (D:6)
  5 killer bees (D:11)
  The ghost of 4thArraOfDagon the Skirmisher, a weakling DsCK of Xom (D:3)
  11 wights
  A troll zombie (Crypt:2)
  A spectral wolf (Depths:3)
  An electric eel (Lair:4)
  A spriggan skeleton (Abyss:2)
  2 jellies
  7 crimson imps
  An iron imp (Abyss:2)
  A basilisk zombie (Crypt:2)
  21 orc priests
  3 bullfrog skeletons
  2 quasits
  A demonspawn zombie (Crypt:2)
  7 hounds
  21 orc wizards
  3 iguanas
  A worker ant (shapeshifter) (Depths:5)
  5 worker ants
  A big kobold zombie (Ossuary)
  2 ogre skeletons (Crypt:1)
  2 hound skeletons
  A hound zombie (Ossuary)
  61 mummies
  A worker ant zombie (Crypt:2)
  9 adders
  2 shadow imps
  A steam dragon skeleton (Crypt:2)
  An ufetubus (Abyss:2)
  2 oozes
  An adder skeleton (D:6)
  4 ball lightnings (Pan)
  A barachi skeleton (Crypt:1)
  5 leopard geckos
  99 orcs
  3 bats
  3 giant cockroaches
  A gnoll zombie (Ossuary)
  11 goblins
  3 hobgoblins
  12 jackals
  A quokka (D:3)
  A ball python (D:6)
  A frilled lizard (D:2)
  A goblin zombie (Ossuary)
  A jackal skeleton (D:7)
  3 jackal zombies (Ossuary)
  23 kobolds
  An orc zombie (Ossuary)
  2 quokka skeletons
  A rat zombie (Ossuary)
  A crawling corpse (Vaults:4)
  A fire vortex (D:15)
  2 starspawn tentacles (Abyss:5)
  A tentacle (Shoals:4)
3033 creatures vanquished.

Vanquished Creatures (collateral kills)
  A nagaraja (Snake:4)
  A satyr (Shoals:3)
  A shock serpent (Snake:4)
  A deep elf knight (Elf:2)
  2 fauns (Shoals:3)
  A shining eye (Slime:3)
  A black mamba (Snake:4)
  A spiny frog (Lair:4)
  A jelly (D:7)
  A big kobold zombie (Ossuary)
  A mummy (Ossuary)
  A hobgoblin zombie (Ossuary)
13 creatures vanquished.

Vanquished Creatures (others)
  A Killer Klown (Zot:5)
  A titan (Vaults:5)
  A sphinx (Tomb:1)
  A fire giant (Vaults:2)
  A vault warden (Vaults:5)
  A stone giant (Vaults:5)
  An ironheart preserver (Vaults:4)
  A merfolk javelineer (Shoals:4)
  A deep elf death mage (Vaults:4)
  A yaktaur captain (Vaults:5)
  A deep elf high priest (Vaults:5)
  A satyr (Shoals:4)
  A merfolk aquamancer (Shoals:4)
  35 death scarabs
  A naga sharpshooter (Snake:3)
  An orange crystal statue (Zig:1)
  A lindwurm (Snake:4)
  A deep elf mage (Vaults:5)
  An orange demon (Pan)
  A yaktaur (Vaults:5)
  A tormentor (Zot:5)
  A guardian mummy (Tomb:2)
  A slime creature (D:11)
  A black mamba zombie (Tomb:2)
  A golden eye (Slime:1)
  A neqoxec (Pan)
  2 nagas
  An ogre (Vaults:1)
  2 wolves (IceCv)
  2 mummies (Tomb:2)
  7 ball lightnings (Pan)
  A jackal (D:8)
  A crawling corpse (Vaults:4)
  A fungus (Lair:2)
  22 plants
  11 starspawn tentacles
  3 tentacles (Shoals:4)
113 creatures vanquished.

Grand Total: 3159 creatures vanquished

Notes
Turn   | Place    | Note
-------+----------+-------------------------------------------
     0 | D:1      | 4thArraOfDagon the Demonspawn Chaos Knight began the quest for the Orb.
     0 | D:1      | Reached XP level 1. HP: 18/18 MP: 1/1
    19 | D:1      | Reached skill level 1 in Dodging
    30 | D:1      | Gained mutation: You are partially covered in sharp spines. [demonic ancestry]
    30 | D:1      | Reached XP level 2. HP: 21/24 MP: 2/2
   120 | D:1      | Found a shattered altar of Ashenzari.
   149 | D:1      | You fall through a shaft!
   173 | D:2      | XOM: harmless Conj miscast
   332 | D:3      | You fall through a shaft for 2 floors!
   332 | D:5      | Entered Level 5 of the Dungeon
   333 | D:5      | XOM: harmless Summ miscast
   381 | D:5      | Found a sand-covered staircase.
   441 | Ossuary  | Entered an ossuary
   444 | Ossuary  | XOM: silly message
   449 | Ossuary  | XOM: divination: magic mapping
   455 | Ossuary  | XOM: cast spell 'Summon Small Mammal'
   457 | Ossuary  | Gained mutation: You have a pair of small antennae on your head. [demonic ancestry]
   457 | Ossuary  | Reached XP level 3. HP: 24/29 MP: 3/3
   464 | Ossuary  | XOM: divination: detect items
   473 | Ossuary  | XOM: potion effect (curing)
   478 | Ossuary  | XOM: harmless Chrm miscast
   486 | Ossuary  | XOM: god gift: blackened bone wand {god gift}
   493 | Ossuary  | XOM: harmless Summ miscast
   495 | Ossuary  | XOM: noise
   508 | Ossuary  | XOM: summons 1 hostile demon
   524 | Ossuary  | XOM: smoke on damage
   545 | Ossuary  | Gained mutation: Your flesh is heat resistant. (rF+) [potion of mutation]
   545 | Ossuary  | Gained mutation: You are dopey. (Int -2) [potion of mutation]
   545 | Ossuary  | Gained mutation: Your natural rate of healing is unusually fast. [potion of mutation]
   545 | Ossuary  | Lost mutation: You are dopey. (Int -2) [potion of mutation]
   553 | Ossuary  | XOM: summons 3 hostile shadow creatures
   557 | Ossuary  | XOM: fog
   588 | Ossuary  | XOM: summons 3 friendly demons
   589 | Ossuary  | XOM: butterfly on damage
   594 | Ossuary  | Gained mutation: You are mostly covered in sharp spines. [demonic ancestry]
   594 | Ossuary  | Reached XP level 4. HP: 7/35 MP: 4/4
   652 | Ossuary  | Gained mutation: When hurt, damage is shared between your health and your magic reserves. [demonic ancestry]
   652 | Ossuary  | Reached XP level 5. HP: 23/42 MP: 5/5
   654 | Ossuary  | XOM: harmless Tloc miscast
   837 | D:6      | Noticed Grinder
   841 | D:6      | XOM: harmless Air miscast
   845 | D:6      | Noticed an ice beast
   849 | D:6      | Noticed Dowan
   850 | D:6      | Noticed Duvessa
   854 | D:6      | XOM: summons friendly iron imp
   859 | D:6      | XOM: confusion (+ monsters)
   891 | D:7      | XOM: summons 2 friendly demons
   909 | D:8      | Noticed a basilisk
   921 | D:8      | XOM: noise
   930 | D:8      | Gained mutation: You have a pair of antennae on your head. [demonic ancestry]
   930 | D:8      | Reached XP level 6. HP: 33/48 MP: 3/6
   940 | D:8      | Noticed a polar bear
   940 | D:8      | a basilisk changed into a polar bear
   952 | D:8      | Found a blossoming altar of Fedhas.
   954 | D:8      | XOM: fog
   961 | D:8      | XOM: 1-stop teleportation journey
   967 | D:8      | XOM: confuse monster(s)
   970 | D:8      | XOM: destruction
   972 | D:8      | Found a shattered altar of Ashenzari.
  1073 | D:7      | XOM: summons 3 hostile demons
  1085 | D:6      | XOM: harmless Erth miscast
  1096 | D:6      | Noticed a slave
  1098 | D:6      | Noticed Pikel
  1099 | D:6      | Noticed a slave
  1099 | D:6      | Noticed a slave
  1100 | D:6      | Noticed a slave
  1106 | D:5      | XOM: severe Conj miscast
  1108 | D:5      | XOM: swap monsters
  1109 | D:5      | XOM: divination: magic mapping
  1120 | D:5      | XOM: confusion (+ monsters)
  1200 | D:3      | XOM: harmless Pois miscast
  1203 | D:3      | Noticed Robin
  1206 | D:3      | Noticed 4thArraOfDagon's ghost (weakling DsCK)
  1217 | D:3      | Noticed Robin
  1217 | D:3      | XOM: polymorph something unseen -> Robin the iguana
  1219 | D:3      | Identified a scroll of acquirement
  1219 | D:3      | XOM: enchant monster (bad)
  1226 | D:3      | XOM: divination: detect items
  1233 | D:3      | Killed Robin the iguana
  1238 | D:3      | Killed 4thArraOfDagon's ghost
  1238 | D:3      | Reached skill level 5 in Long Blades
  1238 | D:3      | Gained mutation: You have a pair of large antennae on your head. (SInv) [demonic ancestry]
  1238 | D:3      | Reached XP level 7. HP: 32/55 MP: 4/7
  1507 | D:4      | Found a stormy altar of Qazlal.
  1529 | D:4      | XOM: potion effect (haste)
  1563 | D:4      | XOM: harmless Pois miscast
  1924 | D:5      | XOM: divination: magic mapping
  1942 | D:5      | XOM: harmless Erth miscast
  1977 | D:5      | Found an iron altar of Okawaru.
  1979 | D:5      | Found a shimmering altar of Xom.
  1984 | D:5      | Found an ornate altar of the Wu Jian Council.
  2066 | D:5      | XOM: potion effect (brilliance)
  2123 | D:6      | Noticed Eustachio
  2130 | D:6      | XOM: harmless Pois miscast
  2132 | D:6      | Killed Eustachio
  2132 | D:6      | Gained mutation: You regenerate magic rapidly. [demonic ancestry]
  2132 | D:6      | Reached XP level 8. HP: 38/61 MP: 5/8
  2191 | D:6      | XOM: butterfly on damage
  2193 | D:6      | HP: 3/61 [orc warrior/halberd (8)]
  2196 | D:6      | XOM: harmless Ice miscast
  2291 | D:7      | Found a sacrificial altar of Ru.
  2313 | D:7      | Found an iron altar of Okawaru.
  2412 | D:7      | XOM: mild Ice miscast
  2433 | D:6      | Found Egoirhir's Book Shop.
  2436 | D:6      | Noticed Blork the orc
  2450 | D:6      | Killed Blork the orc
  2456 | D:6      | XOM: divination: detect creatures
  2485 | D:6      | XOM: cast spell 'Summon Ice Beast'
  2488 | D:6      | XOM: harmless Hex miscast
  2493 | D:6      | XOM: noise
  2500 | D:6      | Killed Grinder
  2500 | D:6      | Reached skill level 1 in Spellcasting
  2559 | D:6      | Killed Dowan
  2581 | D:6      | XOM: divination: detect creatures
  2581 | D:6      | Killed Pikel
  2581 | D:6      | Reached skill level 5 in Fighting
  2581 | D:6      | Reached XP level 9. HP: 64/68 MP: 9/12
  2593 | D:6      | Reached skill level 5 in Dodging
  2607 | D:6      | Killed Duvessa
  2613 | D:6      | XOM: harmless Air miscast
  2652 | D:6      | XOM: silly message
  2658 | D:6      | Noticed 4thArraOfDagon's ghost (novice DsCK)
  2660 | D:6      | XOM: confuse monster(s)
  2666 | D:6      | XOM: enchant monster (bad)
  2677 | D:6      | Killed 4thArraOfDagon's ghost
  2842 | D:7      | XOM: harmless Tmut miscast
  2843 | D:7      | XOM: harmless Chrm miscast
  2982 | D:7      | XOM: noise
  3058 | D:8      | XOM: divination: magic mapping
  3153 | D:8      | Found a glowing silver altar of Zin.
  3153 | D:8      | Found a hide-covered altar of Uskayaw.
  3164 | D:8      | XOM: harmless Pois miscast
  3245 | D:9      | Found Ceceitygh's Food Emporium.
  3249 | D:9      | XOM: potion effect (might)
  3274 | D:10     | Entered Level 10 of the Dungeon
  3295 | D:10     | XOM: harmless Erth miscast
  3320 | D:10     | Noticed 4thArraOfDagon's ghost (novice DsCK)
  3323 | D:10     | XOM: potion effect (might)
  3328 | D:10     | Killed 4thArraOfDagon's ghost
  3346 | D:11     | Noticed a cyclops
  3349 | D:11     | XOM: potion effect (haste)
  3354 | D:11     | Killed a cyclops
  3354 | D:11     | Reached XP level 10. HP: 41/77 MP: 7/16
  3380 | D:11     | Noticed an unseen horror
  3386 | D:11     | Killed an unseen horror
  3471 | D:11     | Found Ycsigen's Weapon Boutique.
  3492 | D:10     | Noticed a two-headed ogre
  3498 | D:10     | Killed a two-headed ogre
  3498 | D:10     | Reached skill level 5 in Spellcasting
  3507 | D:10     | XOM: silly message
  3525 | D:9      | Found Carry's Antique Armour Shoppe.
  3547 | D:9      | Bought a brightly glowing leather armour for 175 gold pieces
  3560 | D:9      | Identified the +1 leather armour of the Beekeeper {rF- rC++ rCorr SInv} (You bought it in a shop on level 9 of the Dungeon)
  3623 | D:8      | XOM: silly message
  3632 | D:8      | Reached skill level 10 in Long Blades
  3647 | D:8      | XOM: harmless Conj miscast
  3652 | D:8      | Got a bound bone ring
  3656 | D:8      | Identified the ring of Efirghur {rPois rF++ EV+4 Dex-4 Slay+3} (You found it on level 8 of the Dungeon)
  3680 | D:9      | Found a staircase to the Lair.
  3707 | D:9      | XOM: smoke on damage
  3899 | D:9      | Found Efeckenn's Distillery.
  3920 | D:9      | Bought 2 potions of might for 112 gold pieces
  3920 | D:9      | Bought 2 potions of degeneration for 28 gold pieces
  4013 | D:10     | XOM: harmless Necr miscast
  4135 | D:10     | XOM: confuse monster(s)
  4195 | D:10     | Found a shattered altar of Ashenzari.
  4322 | D:11     | Noticed a catoblepas
  4338 | D:11     | Gained mutation: You are completely covered in sharp spines. [demonic ancestry]
  4338 | D:11     | Reached XP level 11. HP: 85/85 MP: 19/19
  4341 | D:11     | XOM: divination: detect items
  4348 | D:11     | Killed a catoblepas
  4358 | D:11     | Noticed a wizard
  4363 | D:11     | XOM: cloud trail
  4370 | D:11     | Killed a wizard
  4420 | D:11     | XOM: god gift: scroll labeled YNAUVOR KIMARHO {god gift}
  4436 | D:11     | Learned a level 2 spell: Blink
  4448 | D:11     | Noticed a white ugly thing
  4448 | D:11     | Noticed a cyan ugly thing
  4455 | D:11     | Killed a red ugly thing
  4460 | D:11     | Killed a red ugly thing
  4475 | D:11     | Got a scorched chain mail
  4476 | D:11     | Identified the +7 chain mail of Patience {Dex+4} (You found it on level 11 of the Dungeon)
  4497 | D:11     | Noticed a deep elf mage
  4509 | D:11     | Killed a deep elf mage
  4550 | D:11     | XOM: harmless Pois miscast
  4572 | D:11     | Noticed a two-headed ogre
  4577 | D:11     | Killed a two-headed ogre
  4582 | D:11     | Found a blossoming altar of Fedhas.
  4603 | D:11     | Noticed an unseen horror
  4609 | D:11     | Killed an unseen horror
  4642 | D:11     | Noticed a six-headed hydra
  4647 | D:11     | Killed a four-headed hydra
  4658 | D:11     | XOM: give mutations
  4658 | D:11     | Gained mutation: Your mind is acute. (Int +2) [Xom's mischief]
  4658 | D:11     | Gained mutation: Scrolls take you a little longer to read. [Xom's mischief]
  4658 | D:11     | Lost mutation: Scrolls take you a little longer to read. [Xom's mischief]
  4658 | D:11     | Gained mutation: You occasionally shout uncontrollably at your foes. [Xom's mischief]
  4677 | D:11     | Found a runed door.
  4677 | D:11     | Noticed a centaur warrior
  4678 | D:11     | Noticed a two-headed ogre
  4691 | D:11     | Killed a centaur warrior
  4691 | D:11     | Reached XP level 12. HP: 92/95 MP: 20/22
  4694 | D:11     | Killed a two-headed ogre
  4720 | D:11     | Got a coiled turquoise ring
  4722 | D:11     | Identified the ring of Greed {rCorr rPois Int+4 Dex+2 SInv} (You took it off a kobold demonologist on level 11 of the Dungeon)
  4766 | D:11     | Noticed a five-headed hydra
  4769 | D:11     | Killed a three-headed hydra
  4814 | D:11     | Noticed a two-headed ogre
  4820 | D:11     | Killed a two-headed ogre
  4824 | D:11     | Got a steaming great sword
  4825 | D:11     | Identified the +8 great sword of the Blowfly {slice, Int+7} (You acquired it on level 11 of the Dungeon)
  4839 | D:11     | Noticed an ettin
  4848 | D:11     | XOM: noise
  4856 | D:11     | Killed an ettin
  4876 | D:11     | XOM: 1-stop teleportation journey
  4986 | D:11     | XOM: 2-stop teleportation journey
  5224 | D:12     | Found a staircase to the Orcish Mines.
  5225 | D:12     | XOM: polymorph warg -> blink frog
  5283 | D:12     | XOM: 2-stop teleportation journey
  5309 | D:12     | XOM: summons 3 hostile shadow creatures
  5310 | D:12     | Noticed a two-headed ogre
  5316 | D:12     | XOM: mild Ice miscast
  5552 | D:14     | Found a labyrinth entrance.
  5564 | D:14     | Reached skill level 10 in Fighting
  5571 | Lab      | Entered a labyrinth
  5585 | Lab      | XOM: 1-stop teleportation journey
  5697 | Lab      | Noticed a minotaur
  5703 | Lab      | XOM: medium Chrm miscast
  5716 | Lab      | Killed a minotaur
  5728 | Lab      | Identified the Handbook of Bewitchment
  5735 | Lab      | Learned a level 1 spell: Beastly Appendage
  5736 | Lab      | Identified Sif Muna's Collected Works on Translocation
  5793 | D:14     | Reached skill level 1 in Transmutations
  5793 | D:14     | Gained mutation: You are surrounded by a mild repulsion field. (EV +2) [demonic ancestry]
  5793 | D:14     | Reached XP level 13. HP: 97/103 MP: 25/25
  5800 | D:14     | XOM: mild Pois miscast
  5869 | D:15     | Entered Level 15 of the Dungeon
  5895 | D:15     | XOM: divination: detect creatures
  5899 | D:15     | XOM: potion effect (brilliance)
  5918 | D:15     | XOM: potion effect (agility)
  5987 | D:14     | XOM: harmless Tloc miscast
  6343 | D:15     | Noticed melvinkitnick's ghost (adept GrFi)
  6345 | D:15     | XOM: cast spell 'Olgreb's Toxic Radiance'
  6357 | D:15     | XOM: potion effect (brilliance)
  6442 | D:15     | Identified the +0 cloak of Wrong Decisions {+Blink rElec rF+} (You found it on level 15 of the Dungeon)
  6603 | D:15     | Noticed Louise
  6714 | D:15     | XOM: cast spell 'Summon Butterflies'
  6725 | D:15     | Killed Louise
  6741 | D:15     | XOM: harmless Hex miscast
  6869 | D:13     | XOM: enchant monster (bad)
  6873 | D:13     | Reached skill level 10 in Dodging
  6880 | D:13     | Reached skill level 5 in Transmutations
  6930 | D:13     | Found Gozut's Weapon Shoppe.
  7152 | D:11     | XOM: noise
  7276 | D:6      | Bought a book of Transfigurations for 715 gold pieces
  7283 | D:6      | Learned a level 6 spell: Statue Form
  7418 | Orc:1    | Entered Level 1 of the Orcish Mines
  7479 | Orc:1    | Reached skill level 1 in Earth Magic
  7479 | Orc:1    | Reached XP level 14. HP: 110/110 MP: 27/27
  7598 | Orc:2    | Entered Level 2 of the Orcish Mines
  7693 | Orc:1    | XOM: mild Tloc miscast
  7897 | Orc:2    | Found Lienn's Magic Scroll Shoppe.
  7897 | Orc:2    | Found Harah's Assorted Antiques.
  7899 | Orc:2    | Found Usaathra's Distillery.
  7902 | Orc:2    | XOM: divination: detect items
  7922 | Orc:2    | XOM: harmless Hex miscast
  7957 | Orc:2    | Found Xazinah's Book Emporium.
  7969 | Orc:2    | Bought a potion of heal wounds for 70 gold pieces
  7969 | Orc:2    | Bought a potion of magic for 112 gold pieces
  7971 | Orc:2    | Bought a scroll of teleportation for 60 gold pieces
  7971 | Orc:2    | Bought a potion of might for 80 gold pieces
  7971 | Orc:2    | Bought a potion of might for 80 gold pieces
  7973 | Orc:2    | Bought a potion of invisibility for 112 gold pieces
  7973 | Orc:2    | Bought a potion of curing for 42 gold pieces
  7995 | Orc:2    | XOM: noise
  8038 | Orc:2    | Found a staircase to the Elven Halls.
  8089 | Orc:2    | XOM: confuse monster(s)
  8234 | Elf:1    | Entered Level 1 of the Elven Halls
  8357 | Elf:1    | XOM: mild Conj miscast
  8374 | Elf:1    | XOM: medium Summ miscast
  8401 | Elf:1    | XOM: cloud trail
  8504 | Elf:3    | Entered Level 3 of the Elven Halls
  8642 | Elf:2    | XOM: noise
  8645 | Elf:2    | Reached skill level 5 in Earth Magic
  8721 | Elf:2    | Reached skill level 10 in Spellcasting
  8821 | Elf:1    | XOM: noise
  8859 | Elf:1    | Noticed a deep elf sorcerer
  8864 | Elf:1    | Killed a deep elf sorcerer
  8866 | Elf:1    | XOM: confuse monster(s)
  8916 | Elf:1    | XOM: destruction
  8955 | Elf:1    | XOM: smoke on damage
  8957 | Elf:1    | Gained mutation: You are surrounded by a moderate repulsion field. (EV +3) [demonic ancestry]
  8957 | Elf:1    | Reached XP level 15. HP: 77/115 MP: 25/29
  9110 | Elf:2    | Noticed an Ice Fiend
  9114 | Elf:2    | XOM: confuse monster(s)
  9183 | Elf:2    | Found a runed gate.
  9185 | Elf:2    | Found a runed gate.
  9188 | Elf:2    | Found a runed gate.
  9274 | Elf:3    | XOM: divination: magic mapping
  9481 | Elf:3    | XOM: confusion (+ monsters)
  9499 | Elf:3    | Noticed a deep elf master archer
  9520 | Elf:3    | Killed a deep elf master archer
  9607 | Elf:3    | Noticed a deep elf sorcerer
  9611 | Elf:3    | Killed a deep elf sorcerer
  9611 | Elf:3    | Reached skill level 10 in Transmutations
  9773 | Elf:3    | Noticed a deep elf master archer
  9787 | Elf:3    | Killed a deep elf master archer
  9835 | Elf:3    | Cast into level 2 of the Abyss (a deep elf demonologist)
  9890 | Abyss:2  | Noticed a tentacled starspawn
  9893 | Abyss:2  | Noticed a tentacled starspawn
  9895 | Abyss:2  | Killed a tentacled starspawn
  9903 | Abyss:2  | Killed a tentacled starspawn
  9918 | Abyss:2  | Reached skill level 15 in Long Blades
 10027 | Abyss:2  | Identified the +2 cloak "Kiniomie" {Dex+7} (You acquired it on level 2 of the Abyss)
 10117 | Abyss:2  | Noticed an Executioner
 10119 | Abyss:2  | Killed an Executioner
 10204 | Abyss:2  | Reached XP level 16. HP: 122/122 MP: 28/31
 10233 | Abyss:2  | Noticed a tentacled starspawn
 10236 | Abyss:2  | XOM: cleaving
 10237 | Abyss:2  | XOM: confuse monster(s)
 10238 | Abyss:2  | Killed a tentacled starspawn
 10240 | Elf:3    | Escaped the Abyss
 10243 | Elf:3    | XOM: 5-stop teleportation journey
 10411 | Elf:3    | Noticed a deep elf blademaster
 10420 | Elf:3    | XOM: 1-stop teleportation journey
 10476 | Elf:3    | Killed a deep elf blademaster
 10497 | Elf:3    | XOM: medium Necr miscast
 10548 | Elf:3    | Noticed a deep elf master archer
 10562 | Elf:3    | Killed a deep elf master archer
 10572 | Elf:3    | Noticed a storm dragon
 10572 | Elf:3    | a deep elf elementalist changed into a storm dragon
 10572 | Elf:3    | XOM: polymorph deep elf elementalist -> storm dragon
 10588 | Elf:3    | XOM: harmless Air miscast
 10592 | Elf:3    | Killed a storm dragon
 10640 | Elf:3    | XOM: noise
 10649 | Elf:3    | XOM: noise
 10672 | Elf:3    | Noticed a deep elf blademaster
 10674 | Elf:3    | XOM: confusion
 10679 | Elf:3    | XOM: polymorph deep elf annihilator -> dire elephant
 10683 | Elf:3    | Killed a deep elf blademaster
 10687 | Elf:3    | XOM: 1-stop teleportation journey
 10778 | Elf:3    | Got an ichor-stained leather armour
 10784 | Elf:3    | Got a heavy robe
 10878 | Elf:3    | Identified the +2 robe of Amorality {MR+ Dex+4} (You took it off a deep elf death mage on level 3 of the Elven Halls)
 10888 | Elf:3    | Identified the cursed +0 leather armour "Mem Jef" {rPois rF- rC++ rN+} (You took it off a deep elf death mage on level 3 of the Elven Halls)
 10915 | Elf:3    | Learned a level 1 spell: Apportation
 10920 | Elf:3    | Learned a level 2 spell: Sublimation of Blood
 10983 | Elf:3    | Learned a level 2 spell: Passwall
 10989 | Elf:3    | Learned a level 5 spell: Lee's Rapid Deconstruction
 11327 | Lair:1   | Entered Level 1 of the Lair of Beasts
 11339 | Lair:1   | Found a bloodstained altar of Trog.
 11453 | Lair:1   | Found a frozen archway.
 11469 | IceCv    | Entered an ice cave
 11696 | IceCv    | XOM: harmless Necr miscast
 11740 | IceCv    | XOM: confuse monster(s)
 11796 | IceCv    | Reached XP level 17. HP: 128/128 MP: 27/32
 11829 | IceCv    | Got a scintillating platinum ring
 11831 | IceCv    | Identified the ring of Winauz {rC+ MR+} (You found it in an ice cave)
 11949 | Lair:2   | Found a staircase to the Snake Pit.
 11978 | Snake:1  | Entered Level 1 of the Snake Pit
 12098 | Snake:1  | XOM: harmless Ice miscast
 12099 | Snake:1  | XOM: harmless Erth miscast
 12100 | Snake:1  | XOM: enchant monster (bad)
 12137 | Snake:2  | Noticed Agnes
 12143 | Snake:2  | Killed Agnes
 12259 | Snake:2  | Found Mauveb's Book Emporium.
 12286 | Snake:2  | Noticed Frances
 12286 | Snake:2  | XOM: confuse monster(s)
 12307 | Snake:2  | Killed Frances
 12395 | Snake:2  | XOM: enchant monster (good)
 12519 | Snake:3  | XOM: summons 2 hostile shadow creatures
 12529 | Snake:3  | XOM: summons friendly shadow imp
 12533 | Snake:3  | XOM: enchant monster (bad)
 12624 | Snake:3  | XOM: swap monsters
 12682 | Snake:4  | Entered Level 4 of the Snake Pit
 12771 | Snake:4  | Found Ugaecodgh's Food Boutique.
 12795 | Snake:4  | XOM: confusion
 12798 | Snake:4  | XOM: medium Chrm miscast
 12806 | Snake:4  | XOM: scenery: 1 doors open, 1 doors close
 12808 | Snake:4  | XOM: enchant monster (bad)
 12913 | Snake:4  | XOM: enchant monster (bad)
 12946 | Snake:4  | XOM: confusion
 13005 | Snake:4  | XOM: polymorph naga mage -> polar bear
 13008 | Snake:4  | XOM: harmless Tloc miscast
 13016 | Snake:4  | Gained mutation: When low on magic, you restore magic in place of health. [demonic ancestry]
 13016 | Snake:4  | Reached XP level 18. HP: 135/135 MP: 30/33
 13122 | Snake:4  | XOM: noise
 13126 | Snake:4  | XOM: confusion
 13148 | Snake:4  | XOM: harmless Conj miscast
 13231 | Snake:4  | XOM: harmless Ice miscast
 13304 | Snake:4  | XOM: divination: detect items
 13313 | Snake:4  | XOM: potion effect (might)
 13336 | Snake:4  | XOM: potion effect (agility)
 13338 | Snake:4  | XOM: potion effect (heal wounds)
 13357 | Snake:4  | Got a serpentine rune of Zot
 13417 | Snake:4  | XOM: divination: detect creatures
 13586 | Lair:3   | XOM: enchant monster (bad)
 13594 | Lair:3   | XOM: cleaving
 13617 | Lair:4   | Mutation became permanent: Your flesh is heat resistant. (rF+) [demonic ancestry]
 13617 | Lair:4   | Gained mutation: Your flesh is heat resistant. (rF+) [demonic ancestry]
 13617 | Lair:4   | Reached XP level 19. HP: 143/143 MP: 34/34
 13618 | Lair:4   | Gained mutation: You are immune to clouds of flame. [demonic ancestry]
 13618 | Lair:4   | Reached XP level 20. HP: 150/150 MP: 35/35
 13675 | Lair:4   | XOM: silly message
 13683 | Lair:4   | XOM: cast spell 'Summon Horrible Things'
 13717 | Lair:4   | Found a staircase to the Shoals.
 13723 | Shoals:1 | Entered Level 1 of the Shoals
 13785 | Shoals:2 | XOM: divination: magic mapping
 13807 | Shoals:2 | You fall through a shaft!
 13808 | Shoals:3 | AAMZ?
 13853 | Shoals:3 | XOM: cast spell 'Summon Hydra'
 13870 | Shoals:4 | Entered Level 4 of the Shoals
 13899 | Shoals:4 | Identified the Handbook of Intoxication and Flames
 13932 | Shoals:4 | Noticed Ilsuiw
 13943 | Shoals:4 | Killed Ilsuiw
 13944 | Shoals:4 | XOM: enchant monster (bad)
 14008 | Shoals:4 | XOM: summons friendly ufetubus
 14020 | Shoals:4 | XOM: god gift: scroll of fear
 14142 | Shoals:4 | Found Cuadworchela's General Store.
 14207 | Shoals:4 | XOM: cleaving
 14210 | Shoals:4 | XOM: cleaving
 14243 | Shoals:4 | Got a barnacled rune of Zot
 14267 | Shoals:4 | XOM: summons 6 friendly demons
 14310 | Shoals:4 | XOM: potion effect (haste)
 14424 | Shoals:4 | XOM: summons 3 friendly demons
 14452 | Shoals:4 | XOM: divination: detect creatures
 14486 | Shoals:4 | XOM: scenery: create altars
 14708 | Shoals:1 | Gained mutation: You can hurl damnation. [demonic ancestry]
 14708 | Shoals:1 | Reached XP level 21. HP: 154/161 MP: 24/36
 14732 | Shoals:1 | Learned a level 5 spell: Silence
 14745 | Shoals:1 | Noticed Roxanne
 14907 | Lair:5   | XOM: destruction
 14933 | Lair:6   | Entered Level 6 of the Lair of Beasts
 15001 | Lair:6   | XOM: fake destruction
 15012 | Lair:6   | XOM: destruction
 15081 | Lair:6   | XOM: mild Erth miscast
 15108 | Lair:6   | XOM: god gift: broad axe {god gift}
 15187 | Lair:6   | XOM: god gift: 25 gold pieces
 15264 | Lair:5   | Learned a level 2 spell: Swiftness
 15272 | Lair:5   | XOM: enchant monster (good)
 15310 | Lair:6   | Found a staircase to the Slime Pits.
 15319 | Lair:6   | XOM: cleaving
 15355 | Slime:1  | Entered Level 1 of the Pits of Slime
 15373 | Slime:1  | XOM: repel stairs
 15374 | Slime:1  | 4thArraOfDagon: rip
 15420 | Slime:1  | XOM: enchant monster (bad)
 15433 | Slime:1  | HP: 7/164 [titanic slime creature (24)]
 15448 | Slime:1  | XOM: draining
 15449 | Slime:1  | Gained mutation: You are occasionally teleported next to monsters. [a shining eye]
 15458 | Slime:1  | XOM: blink monster(s)
 15496 | Slime:1  | Lost mutation: Your mind is acute. (Int +2) [potion of mutation]
 15496 | Slime:1  | Lost mutation: You occasionally shout uncontrollably at your foes. [potion of mutation]
 15496 | Slime:1  | Lost mutation: Your natural rate of healing is unusually fast. [potion of mutation]
 15496 | Slime:1  | Gained mutation: You are frail. (-10% HP) [potion of mutation]
 15496 | Slime:1  | Gained mutation: Your mind is acute. (Int +2) [potion of mutation]
 15497 | Slime:1  | Lost mutation: You are frail. (-10% HP) [potion of mutation]
 15497 | Slime:1  | Lost mutation: Your mind is acute. (Int +2) [potion of mutation]
 15497 | Slime:1  | Lost mutation: You are occasionally teleported next to monsters. [potion of mutation]
 15497 | Slime:1  | Gained mutation: Your spells are a little easier to cast, but a little less powerful. [potion of mutation]
 15497 | Slime:1  | Gained mutation: You passively map a small area around you. [potion of mutation]
 15498 | Slime:1  | Lost mutation: Your spells are a little easier to cast, but a little less powerful. [potion of mutation]
 15498 | Slime:1  | Lost mutation: You passively map a small area around you. [potion of mutation]
 15498 | Slime:1  | Gained mutation: Your flesh is very heat resistant. (rF++) [potion of mutation]
 15498 | Slime:1  | Gained mutation: You have large cloven feet. [potion of mutation]
 15498 | Slime:1  | Gained mutation: You expend magic power (3 MP) to strengthen your wands. [potion of mutation]
 15498 | Slime:1  | Gained mutation: You have hoof-like feet. [potion of mutation]
 15499 | Slime:1  | Lost mutation: You expend magic power (3 MP) to strengthen your wands. [potion of mutation]
 15499 | Slime:1  | Lost mutation: You have hoof-like feet. [potion of mutation]
 15499 | Slime:1  | Lost mutation: You have large cloven feet. [potion of mutation]
 15499 | Slime:1  | Gained mutation: You are surrounded by a strong repulsion field. (EV +4, RMsl) [potion of mutation]
 15499 | Slime:1  | Gained mutation: Your system is resistant to poisons. (rPois) [potion of mutation]
 15499 | Slime:1  | Gained mutation: Your spells are a little easier to cast, but a little less powerful. [potion of mutation]
 15499 | Slime:1  | Gained mutation: You can translocate small distances at will. [potion of mutation]
 15621 | Slime:2  | XOM: blink monster(s)
 15736 | Slime:4  | XOM: polymorph slime creature -> merfolk
 15744 | Slime:5  | Entered Level 5 of the Pits of Slime
 15798 | Slime:5  | XOM: confusion
 15803 | Slime:5  | XOM: 1-stop teleportation journey
 15898 | Slime:5  | Noticed the Royal Jelly
 15915 | Slime:5  | XOM: confusion
 15918 | Slime:5  | XOM: scenery: create altars
 15947 | Slime:5  | XOM: cast spell 'Summon Mana Viper'
 15955 | Slime:5  | XOM: mild Conj miscast
 16213 | Slime:5  | Gained mutation: You tend to lose your temper in combat. [a shining eye]
 16215 | Slime:5  | Found a viscous altar of Jiyva.
 16308 | Slime:5  | XOM: give mutation
 16308 | Slime:5  | Lost mutation: You tend to lose your temper in combat. [Xom's grace]
 16342 | Slime:5  | XOM: summons friendly white imp
 16351 | Slime:5  | XOM: 4-stop teleportation journey
 16358 | Slime:5  | XOM: fog
 16405 | Slime:5  | Killed the Royal Jelly
 16405 | Slime:5  | Reached skill level 15 in Fighting
 16421 | Slime:5  | XOM: confuse monster(s)
 16457 | Slime:5  | Got a slimy rune of Zot
 16465 | Slime:5  | Identified the Compendium of the Hurtful Escort
 16477 | Slime:5  | Got a crude glass ring
 16548 | Slime:5  | Got a steaming lead ring
 16553 | Slime:5  | Identified the ring "Beqoluwk" {rCorr rElec Dex+3} (You found it on level 5 of the Pits of Slime)
 16555 | Slime:5  | Identified the ring of Mazxoj {rF++ rN+ Slay-4} (You found it on level 5 of the Pits of Slime)
 16611 | Slime:1  | XOM: medium Pois miscast
 16834 | Lair:1   | XOM: 4-stop teleportation journey
 16933 | D:5      | Fell from the grace of Xom
 16933 | D:5      | Became a worshipper of the Wu Jian Council
 17028 | D:9      | Bought a crude plate armour for 700 gold pieces
 17028 | D:9      | Identified the +9 plate armour of the Forest {+Blink Int+4 Stlth+} (You bought it in a shop on level 9 of the Dungeon)
 17183 | D:12     | Identified the ring "Adaer" {-Tele +Inv rPois rF+ Int+4} (You acquired it on level 12 of the Dungeon)
 17276 | D:13     | Found a gate to the Vaults.
 17284 | Vaults:1 | Entered Level 1 of the Vaults
 17321 | Vaults:1 | HP: 6/168 [vault warden/great mace of crushing (4)]
 17325 | Vaults:1 | HP: 1/168 [skeletal warrior/short sword[a skeletal warrior] (10)]
 17484 | Vaults:1 | XOM: give mutations
 17484 | Vaults:1 | Gained mutation: You are clumsy. (Dex -2) [Xom's mischief]
 17484 | Vaults:1 | Gained mutation: You occasionally shout uncontrollably at your foes. [Xom's mischief]
 17484 | Vaults:1 | Lost mutation: You are clumsy. (Dex -2) [Xom's mischief]
 17484 | Vaults:1 | Lost mutation: You occasionally shout uncontrollably at your foes. [Xom's mischief]
 17657 | Vaults:1 | Found Offixtent's Assorted Antiques.
 17665 | Vaults:1 | Reached skill level 5 in Armour
 17738 | Vaults:1 | Reached * piety under Wu Jian
 17738 | Vaults:1 | Reached XP level 22. HP: 175/175 MP: 37/37
 18058 | Vaults:2 | Found Kuocih's Antique Armour Boutique.
 18068 | Vaults:2 | Reached ** piety under Wu Jian
 18521 | Vaults:2 | Reached *** piety under Wu Jian
 18604 | Vaults:1 | Found Guanomah's Weapon Shop.
 18713 | Vaults:1 | Bought a potion of haste for 310 gold pieces
 18919 | Vaults:2 | XOM: scenery: 1 doors open
 19235 | Vaults:3 | XOM: harmless Air miscast
 19250 | Vaults:3 | Reached **** piety under Wu Jian
 19277 | Vaults:3 | Noticed Jory
 19296 | Vaults:3 | Killed Jory
 19694 | Vaults:3 | Reached ***** piety under Wu Jian
 19839 | Vaults:3 | Noticed Mennas
 19840 | Vaults:3 | Reached XP level 23. HP: 181/181 MP: 38/38
 19935 | Vaults:3 | XOM: give mutations
 19935 | Vaults:3 | Gained mutation: Your flesh is cold resistant. (rC+) [Xom's mischief]
 19935 | Vaults:3 | Gained mutation: You are dopey. (Int -2) [Xom's mischief]
 19935 | Vaults:3 | Gained mutation: You are frail. (-10% HP) [Xom's mischief]
 19950 | Vaults:3 | Lost mutation: You are dopey. (Int -2) [potion of mutation]
 19950 | Vaults:3 | Lost mutation: You are surrounded by a strong repulsion field. (EV +4, RMsl) [potion of mutation]
 19950 | Vaults:3 | Gained mutation: You are very frail. (-20% HP) [potion of mutation]
 19950 | Vaults:3 | Gained mutation: Your muscles are strong. (Str +2) [potion of mutation]
 19950 | Vaults:3 | Gained mutation: You are covered in fur. (AC +1) [potion of mutation]
 19951 | Vaults:3 | Lost mutation: Your muscles are strong. (Str +2) [potion of mutation]
 19951 | Vaults:3 | Lost mutation: You are very frail. (-20% HP) [potion of mutation]
 19951 | Vaults:3 | Lost mutation: Your spells are a little easier to cast, but a little less powerful. [potion of mutation]
 19951 | Vaults:3 | Gained mutation: You evolve. [potion of mutation]
 20193 | Vaults:4 | XOM: 2-stop teleportation journey
 20280 | Vaults:4 | XOM: god gift: potion of lignification
 20343 | Vaults:4 | Lost mutation: Your flesh is cold resistant. (rC+) [evolution]
 20910 | D:15     | Killed melvinkitnick's ghost
 20981 | D:15     | Reached skill level 10 in Armour
 20993 | D:15     | Found a staircase to the Depths.
 21022 | Depths:1 | Entered Level 1 of the Depths
 21022 | Depths:1 | Found Nuemonwo's Antique Armour Shop.
 21023 | Depths:1 | Found a shadowy altar of Dithmenos.
 21045 | Depths:1 | Reached ****** piety under Wu Jian
 21077 | Depths:1 | XOM: severe Tloc miscast
 21224 | Depths:1 | Found Lotimes's One-of-a-Kind Books.
 21388 | Depths:1 | XOM: give mutations
 21388 | Depths:1 | Lost mutation: You are frail. (-10% HP) [Xom's mischief]
 21388 | Depths:1 | Gained mutation: You occasionally shout uncontrollably at your foes. [Xom's mischief]
 21388 | Depths:1 | Lost mutation: You occasionally shout uncontrollably at your foes. [Xom's mischief]
 21388 | Depths:1 | Lost mutation: You can translocate small distances at will. [Xom's mischief]
 21536 | Depths:1 | Found a gateway to Hell.
 21607 | Depths:1 | XOM: summons 7 hostile demons
 21671 | Depths:3 | Found a gateway to a ziggurat.
 21671 | Depths:3 | Noticed Boris
 21850 | Depths:2 | Found a one-way gate to the infinite horrors of the Abyss.
 21896 | Depths:2 | Paralysed by a floating eye for 2 turns
 21918 | Depths:2 | Paralysed by a floating eye for 4 turns
 21925 | Depths:2 | Paralysed by a floating eye for 2 turns
 22115 | Depths:2 | Found a runed door.
 22193 | Depths:2 | XOM: mild Ice miscast
 22196 | Depths:2 | HP: 3/181 [frost giant/bolt of cold (9)]
 22515 | Depths:2 | Reached XP level 24. HP: 184/189 MP: 38/38
 22576 | Depths:2 | Cast into level 4 of the Abyss (a lich)
 22606 | Abyss:4  | Got an abyssal rune of Zot
 22636 | Abyss:4  | Found a roughly hewn altar of Beogh.
 22698 | Depths:2 | Escaped the Abyss
 22723 | Depths:2 | XOM: confusion
 22987 | Depths:2 | Reached skill level 15 in Dodging
 23129 | Depths:2 | Identified the ring "Nyocuack" {Str-2 Int+5 Stlth+} (You found it on level 2 of the Depths)
 23258 | Depths:2 | XOM: noise
 23262 | Depths:2 | XOM: summons 14 hostile demons
 23310 | Depths:3 | Killed Boris
 23389 | Depths:3 | Found Adutzor's Gadget Boutique.
 23391 | Depths:3 | Found Herewil's Armour Shop.
 23393 | Depths:3 | Found Vana's Jewellery Boutique.
 23501 | Depths:3 | Found a one-way gate leading to the halls of Pandemonium.
 23619 | Depths:3 | Gained mutation: You have large cloven feet. [evolution]
 23639 | Depths:3 | Found a basalt altar of Yredelemnul.
 23820 | Depths:3 | Identified the +10 great sword of the Scorpion {drain, Dex+2} (You found it on level 3 of the Depths)
 23821 | Depths:3 | XOM: god gift: 21 gold pieces
 24027 | Depths:5 | Entered Level 5 of the Depths
 24260 | Depths:5 | Found Owalem's Gadget Boutique.
 24262 | Depths:5 | Found Vekix's Jewellery Shoppe.
 24263 | Depths:5 | Found Camoth's Gadget Boutique.
 24321 | Depths:5 | Reached XP level 25. HP: 202/202 MP: 38/38
 24349 | Depths:5 | Cast into level 4 of the Abyss (a lich)
 24349 | Abyss:4  | Found a corrupted altar of Lugonu.
 24394 | Abyss:5  | Entered Level 5 of the Abyss
 24395 | Abyss:5  | Found a corrupted altar of Lugonu.
 24413 | Depths:5 | Escaped the Abyss
 24632 | Depths:4 | XOM: torment (213/263 hp)
 24702 | Depths:4 | Noticed Jorgrun
 24706 | Depths:4 | Killed Jorgrun
 24805 | Depths:4 | Noticed the Enchantress
 24808 | Depths:4 | Noticed the Enchantress
 24808 | Depths:4 | the Enchantress changed into the Enchantress the dire elephant
 24810 | Depths:4 | Killed the Enchantress the dire elephant
 24812 | Depths:4 | XOM: chaos upgrade
 24846 | Depths:4 | Identified the +3 faerie dragon scales {rN+ rCorr} (You found it on level 4 of the Depths)
 24976 | Zig:1    | Entered Level 1 of a ziggurat
 24989 | Zig:2    | Entered Level 2 of a ziggurat
 25000 | Zig:3    | Entered Level 3 of a ziggurat
 25013 | Zig:4    | Entered Level 4 of a ziggurat
 25030 | Zig:5    | Entered Level 5 of a ziggurat
 25036 | Zig:5    | Paralysed by a wizard for 5 turns
 25068 | Zig:6    | Entered Level 6 of a ziggurat
 25071 | Zig:6    | Noticed a shard shrike
 25072 | Zig:6    | Noticed a shard shrike
 25076 | Zig:6    | a shard shrike changed into a titan
 25077 | Zig:6    | Killed a shard shrike
 25142 | Zig:7    | Entered Level 7 of a ziggurat
 25178 | Zig:7    | Identified the Tome of Necromancy
 25269 | Zig:7    | XOM: give mutation
 25269 | Zig:7    | Lost mutation: You are covered in fur. (AC +1) [Xom's mischief]
 25280 | Zig:8    | Entered Level 8 of a ziggurat
 25283 | Zig:8    | Noticed a greater mummy
 25283 | Zig:8    | Noticed a greater mummy
 25285 | Zig:8    | Noticed a greater mummy
 25285 | Zig:8    | Noticed a greater mummy
 25291 | Zig:8    | Killed a greater mummy
 25294 | Zig:8    | Killed a greater mummy
 25295 | Zig:8    | Killed a greater mummy
 25296 | Zig:8    | XOM: mild Chrm miscast
 25302 | Zig:8    | Killed a greater mummy
 25315 | Zig:8    | Reached XP level 26. HP: 110/215 MP: 36/39
 25318 | Zig:8    | Gained mutation: You are surrounded by a strong repulsion field. (EV +4, RMsl) [demonic ancestry]
 25318 | Zig:8    | Reached XP level 27. HP: 117/221 MP: 38/40
 25424 | Zig:9    | Entered Level 9 of a ziggurat
 25459 | Zig:9    | Identified the ring "Etravotuna" {-Tele rPois Slay+4} (You found it on level 9 of a ziggurat)
 25494 | Zig:10   | Entered Level 10 of a ziggurat
 25558 | Zig:11   | Entered Level 11 of a ziggurat
 25609 | Zig:12   | Entered Level 12 of a ziggurat
 25619 | Zig:12   | Noticed a greater mummy
 25619 | Zig:12   | Noticed a greater mummy
 25629 | Zig:12   | Killed a greater mummy
 25629 | Zig:12   | Killed a greater mummy
 25673 | Zig:12   | Identified the Compendium of Arcane Weapons and the Glacier
 25752 | D:15     | XOM: mild Fire miscast
 25883 | Vaults:2 | XOM: medium Summ miscast
 25942 | Vaults:3 | XOM: medium Tloc miscast
 26117 | Vaults:5 | Entered Level 5 of the Vaults
 26202 | Vaults:5 | Found Dol Qonn's Food Shoppe.
 26211 | Vaults:5 | Noticed p0werm0de's ghost (adept DsCK)
 26216 | Vaults:5 | Killed p0werm0de's ghost
 26216 | Vaults:5 | Paralysed by a sphinx for 7 turns
 26247 | Vaults:5 | Paralysed by a sphinx for 3 turns
 26254 | Vaults:5 | Found Janauroj's Antique Armour Shop.
 26449 | Vaults:5 | Found Voutwir's Jewellery Shoppe.
 26473 | Vaults:5 | Bought the ring "Liaxiror" {+Fly rPois rC- rN+++ Str+3} for 686 gold pieces
 26473 | Vaults:5 | Bought the ring of Jyezik {+Blink MP-9 Str+3 Int+2 Dex+10} for 504 gold pieces
 26492 | Vaults:5 | XOM: god gift: plate armour {god gift}
 26608 | Vaults:5 | Found Ovvufaom's Food Shop.
 26620 | Vaults:5 | Found Unwo's Food Shop.
 26654 | Vaults:5 | Bought a pair of embroidered boots for 277 gold pieces
 26691 | Vaults:5 | Found Sutzoh's Antique Armour Shoppe.
 26695 | Vaults:5 | Got a silver rune of Zot
 26832 | Vaults:3 | Found a staircase to the Crypt.
 26841 | Crypt:1  | Entered Level 1 of the Crypt
 26959 | Crypt:1  | XOM: blink monster(s)
 27050 | Crypt:1  | XOM: mild Chrm miscast
 27050 | Crypt:1  | Was forgiven by Xom
 27102 | Crypt:1  | Found an ancient bone altar of Kikubaaqudgha.
 27217 | Crypt:2  | Noticed Frederick
 27222 | Crypt:2  | Noticed Margery
 27223 | Crypt:2  | Killed Frederick
 27229 | Crypt:2  | Killed Margery
 27238 | Crypt:3  | Entered Level 3 of the Crypt
 27276 | Crypt:2  | Noticed Donald
 27279 | Crypt:2  | Killed Donald
 27539 | Crypt:3  | Found an ancient bone altar of Kikubaaqudgha.
 27539 | Crypt:3  | Noticed Sojobo
 27540 | Crypt:3  | Noticed an ancient lich
 27546 | Crypt:3  | Killed Sojobo
 27547 | Crypt:3  | Killed an ancient lich
 27566 | Crypt:3  | Identified the ring "Ecseba Noeh" {rPois rF+++ rN+ Int-3} (You found it on level 3 of the Crypt)
 27567 | Crypt:3  | Identified the ring "Mewaohyo" {*Slow rF+ rN+ Str+3} (You found it on level 3 of the Crypt)
 27570 | Crypt:3  | Identified the +11 great sword of World Downfall {venom, *Slow rC+ Str+4} (You found it on level 3 of the Crypt)
 27676 | Crypt:3  | Found a staircase to the Tomb.
 27685 | Tomb:1   | Entered Level 1 of the Tomb of the Ancients
 27819 | Tomb:1   | Noticed a greater mummy
 27841 | Tomb:1   | Killed a greater mummy
 27851 | Tomb:1   | Noticed a greater mummy
 27857 | Tomb:1   | Killed a greater mummy
 27861 | Tomb:1   | Noticed an ancient lich
 27866 | Tomb:1   | Noticed a greater mummy
 27869 | Tomb:1   | Killed an ancient lich
 27876 | Tomb:1   | Killed a greater mummy
 28147 | Tomb:2   | Noticed a greater mummy
 28152 | Tomb:2   | Killed a greater mummy
 28155 | Tomb:2   | Noticed a greater mummy
 28156 | Tomb:2   | Noticed a greater mummy
 28156 | Tomb:2   | Noticed an ancient lich
 28157 | Tomb:2   | Killed a greater mummy
 28159 | Tomb:2   | Killed an ancient lich
 28161 | Tomb:2   | Killed a greater mummy
 28446 | Tomb:1   | Noticed a greater mummy
 28458 | Tomb:1   | Killed a greater mummy
 28488 | Tomb:1   | Noticed a greater mummy
 28489 | Tomb:1   | Noticed a greater mummy
 28492 | Tomb:1   | Noticed a greater mummy
 28497 | Tomb:1   | Killed a greater mummy
 28700 | Tomb:1   | Noticed a greater mummy
 28724 | Tomb:1   | Killed a greater mummy
 28798 | Tomb:1   | Killed a greater mummy
 28830 | Tomb:1   | Noticed a greater mummy
 28837 | Tomb:1   | Noticed a greater mummy
 28839 | Tomb:1   | Killed a greater mummy
 28844 | Tomb:1   | Killed a greater mummy
 28862 | Tomb:1   | Noticed a greater mummy
 28889 | Tomb:1   | Killed a greater mummy
 28897 | Tomb:1   | Noticed a greater mummy
 28900 | Tomb:1   | Noticed a greater mummy
 28904 | Tomb:1   | Killed a greater mummy
 28907 | Tomb:1   | Noticed a greater mummy
 28912 | Tomb:1   | Killed a greater mummy
 28917 | Tomb:1   | Killed a greater mummy
 29036 | Tomb:1   | Noticed a greater mummy
 29044 | Tomb:1   | Killed a greater mummy
 29051 | Tomb:1   | Killed a greater mummy
 29060 | Tomb:1   | Noticed a greater mummy
 29071 | Tomb:1   | Killed a greater mummy
 29071 | Tomb:1   | Gained mutation: Your spells are a little harder to cast, but a little more powerful. [evolution]
 29145 | Tomb:1   | Noticed a greater mummy
 29165 | Tomb:1   | Killed a greater mummy
 29195 | Tomb:1   | Noticed a greater mummy
 29208 | Tomb:1   | Killed a greater mummy
 29233 | Tomb:1   | Noticed a greater mummy
 29245 | Tomb:1   | Killed a greater mummy
 29260 | Tomb:1   | Noticed a greater mummy
 29261 | Tomb:1   | Noticed a greater mummy
 29263 | Tomb:1   | Noticed a greater mummy
 29269 | Tomb:1   | Killed a greater mummy
 29273 | Tomb:1   | Killed a greater mummy
 29280 | Tomb:1   | Killed a greater mummy
 29623 | Tomb:3   | Entered Level 3 of the Tomb of the Ancients
 29631 | Tomb:3   | Noticed a greater mummy
 29631 | Tomb:3   | Noticed a greater mummy
 29637 | Tomb:3   | Killed a greater mummy
 29647 | Tomb:3   | Killed a greater mummy
 29647 | Tomb:3   | Noticed a greater mummy
 29652 | Tomb:3   | Noticed a greater mummy
 29658 | Tomb:3   | Killed a greater mummy
 29660 | Tomb:3   | Noticed a greater mummy
 29663 | Tomb:3   | Killed a greater mummy
 29668 | Tomb:3   | Noticed a greater mummy
 29674 | Tomb:3   | Noticed a greater mummy
 29680 | Tomb:2   | Killed a greater mummy
 29848 | Tomb:3   | Killed a greater mummy
 29852 | Tomb:3   | Noticed a greater mummy
 29858 | Tomb:3   | Killed a greater mummy
 29859 | Tomb:3   | Killed a greater mummy
 29861 | Tomb:3   | Noticed a greater mummy
 29862 | Tomb:3   | Killed a greater mummy
 29877 | Tomb:3   | Identified Herchany's Grimoire of Hexes and Ice
 29941 | Tomb:3   | Identified Xydoel's Almanac of Heat
 29998 | Tomb:3   | magipi: hello
 29999 | Tomb:3   | Got a golden rune of Zot
 30052 | Tomb:2   | 4thArraOfDagon: hi
 30322 | Vaults:3 | Killed Mennas
 30657 | Depths:5 | Found a gate to the Realm of Zot.
 30670 | Zot:1    | Entered Level 1 of the Realm of Zot
 30747 | Zot:3    | Noticed an orb of fire
 30749 | Zot:3    | Gained mutation: Armour fits poorly on your strangely shaped body. [an orb of fire]
 30751 | Zot:3    | Gained mutation: You are dopey. (Int -2) [an orb of fire]
 30752 | Zot:3    | Killed an orb of fire
 30814 | Zot:3    | Paralysed by a Zot trap for 4 turns
 30973 | Zot:5    | Entered Level 5 of the Realm of Zot
 31085 | Zot:5    | Reached skill level 10 in Earth Magic
 31103 | Zot:5    | Noticed an orb of fire
 31103 | Zot:5    | Noticed an ancient lich
 31104 | Zot:5    | Gained mutation: You occasionally shout uncontrollably at your foes. [an orb of fire]
 31107 | Zot:5    | Gained mutation: You are very dopey. (Int -4) [an orb of fire]
 31108 | Zot:5    | Noticed an orb of fire
 31109 | Zot:5    | Noticed an orb of fire
 31111 | Zot:5    | Killed an orb of fire
 31112 | Zot:5    | Noticed an ancient lich
 31113 | Zot:5    | Noticed an ancient lich
 31113 | Zot:5    | Gained mutation: You are frail. (-10% HP) [an orb of fire]
 31118 | Zot:5    | Killed an ancient lich
 31118 | Zot:5    | Reached skill level 15 in Spellcasting
 31120 | Zot:5    | magipi: holy shit
 31120 | Zot:5    | Killed an orb of fire
 31121 | Zot:5    | Noticed an orb of fire
 31122 | Zot:5    | Gained mutation: You are weak. (Str -2) [an orb of fire]
 31123 | Zot:5    | Killed an orb of fire
 31126 | Zot:5    | Killed an ancient lich
 31127 | Zot:5    | Noticed an orb of fire
 31127 | Zot:5    | Noticed an orb of fire
 31129 | Zot:5    | Noticed an orb of fire
 31130 | Zot:5    | Killed an orb of fire
 31131 | Zot:5    | Killed an orb of fire
 31131 | Zot:5    | Gained mutation: You are very weak. (Str -4) [an orb of fire]
 31132 | Zot:5    | Noticed an orb of fire
 31132 | Zot:5    | Gained mutation: You are clumsy. (Dex -2) [an orb of fire]
 31133 | Zot:5    | Gained mutation: You are very frail. (-20% HP) [an orb of fire]
 31133 | Zot:5    | Gained mutation: You are extremely frail. (-30% HP) [an orb of fire]
 31134 | Zot:5    | Killed an ancient lich
 31135 | Zot:5    | Killed an orb of fire
 31135 | Zot:5    | Killed an orb of fire
 31136 | Zot:5    | Noticed an ancient lich
 31136 | Zot:5    | Gained mutation: Your body sometimes deteriorates upon taking damage. [an orb of fire]
 31142 | Zot:5    | Gained mutation: Your body often deteriorates upon taking damage. [an orb of fire]
 31144 | Zot:5    | Killed an ancient lich
 31145 | Zot:5    | Gained mutation: You expend magic power (3 MP) to strengthen your wands. [an orb of fire]
 31146 | Zot:5    | Killed an orb of fire
 31146 | Zot:5    | Noticed an ancient lich
 31149 | Zot:5    | Killed an ancient lich
 31150 | Zot:5    | Noticed an ancient lich
 31152 | Zot:5    | Killed an ancient lich
 31161 | Zot:5    | 4thArraOfDagon: cleare
 31176 | Zot:5    | 4thArraOfDagon: so much overkill :)
 31180 | Zot:5    | Lost mutation: You are very dopey. (Int -4) [potion of mutation]
 31180 | Zot:5    | Lost mutation: You expend magic power (3 MP) to strengthen your wands. [potion of mutation]
 31180 | Zot:5    | Lost mutation: You occasionally shout uncontrollably at your foes. [potion of mutation]
 31180 | Zot:5    | Gained mutation: You are covered in fur. (AC +1) [potion of mutation]
 31181 | Zot:5    | Lost mutation: You are dopey. (Int -2) [potion of mutation]
 31181 | Zot:5    | Lost mutation: You are very weak. (Str -4) [potion of mutation]
 31181 | Zot:5    | Lost mutation: You are extremely frail. (-30% HP) [potion of mutation]
 31181 | Zot:5    | Lost mutation: Your body often deteriorates upon taking damage. [potion of mutation]
 31181 | Zot:5    | Lost mutation: You are clumsy. (Dex -2) [potion of mutation]
 31181 | Zot:5    | Lost mutation: You are covered in fur. (AC +1) [potion of mutation]
 31181 | Zot:5    | Lost mutation: You are very frail. (-20% HP) [potion of mutation]
 31181 | Zot:5    | Gained mutation: You rapidly evolve. [potion of mutation]
 31195 | Zot:5    | magipi: awesome, this is the first time I witnessed this stuff
 31254 | Zot:4    | 4thArraOfDagon: ya
 31293 | Zot:4    | magipi: where are we going?
 31337 | Zot:4    | 4thArraOfDagon: to pan
 31337 | Zot:4    | 4thArraOfDagon: hmm
 31337 | Zot:4    | 4thArraOfDagon: what skill now
 31412 | Zot:2    | Noticed Tiamat
 31418 | Zot:2    | magipi: tloc, learn pass
 31419 | Zot:2    | 4thArraOfDagon: look
 31419 | Zot:2    | 4thArraOfDagon: overkill on tiamat
 31425 | Zot:2    | Noticed Tiamat
 31425 | Zot:2    | Tiamat changed into Tiamat the titan
 31426 | Zot:2    | Killed Tiamat the titan
 31566 | Pan      | Entered Pandemonium
 31584 | Pan      | Gained mutation: You are covered in fur. (AC +1) [evolution]
 31635 | Pan      | 4thArraOfDagon: book is at snak
 31635 | Pan      | 4thArraOfDagon: :(
 31774 | Pan      | Found an exit through the horrors of the Abyss.
 31805 | Pan      | Noticed Vattis the pandemonium lord
 31815 | Pan      | Killed Vattis the pandemonium lord
 32048 | Pan      | magipi: map, and escape?
 32055 | Pan      | 4thArraOfDagon: naa
 32055 | Pan      | 4thArraOfDagon: ill wreck this
 32057 | Pan      | magipi: as a Ds, you'll get your ass kicked here
 32109 | Pan      | Noticed a seraph
 32119 | Pan      | Killed a seraph
 32120 | Pan      | magipi: or not
 32122 | Pan      | magipi: whoa
 32137 | Pan      | Found a glowing golden altar of the Shining One.
 32152 | Pan      | Got a demonic rune of Zot
 32157 | Pan      | Identified the Guide on Displacement and Heat
 32379 | Pan      | Reached skill level 5 in Evocations
 32557 | Pan      | Found a glowing silver altar of Zin.
 32613 | Depths:5 | Escaped Pandemonium
 32619 | Pan      | Entered Pandemonium
 32687 | Pan      | Entered the realm of Cerebov.
 32694 | Pan      | 4thArraOfDagon: cerov
 32904 | Pan      | Identified the ring "Epletirch" {Fire -Tele MR+ Int+3 Stlth+} (You found it in Pandemonium)
 32913 | Pan      | Identified the Disquisition on Creation and Protection
 32917 | Pan      | Learned a level 2 spell: Song of Slaying
 32924 | Pan      | Noticed Cerebov
 32926 | Pan      | Reached skill level 10 in Evocations
 32934 | Pan      | Killed Cerebov
 32946 | Pan      | Got a fiery rune of Zot
 33225 | Pan      | Noticed Ugien the pandemonium lord
 33228 | Pan      | Killed Ugien the pandemonium lord
 33237 | Pan      | Entered the realm of Lom Lobon.
 33237 | Pan      | Noticed Lom Lobon
 33240 | Pan      | magipi: oops
 33244 | Pan      | Killed Lom Lobon
 33258 | Pan      | Got a magical rune of Zot
 33444 | Pan      | Found an exit through the horrors of the Abyss.
 33480 | Pan      | Entered the realm of Mnoleg.
 33492 | Pan      | Reached skill level 15 in Evocations
 33492 | Pan      | Noticed Mnoleg
 33495 | Pan      | Gained mutation: You are very frail. (-20% HP) [a shining eye]
 33498 | Pan      | Paralysed by a floating eye for 3 turns
 33508 | Pan      | Paralysed by a floating eye for 4 turns
 33509 | Pan      | Slain by an Ice Fiend

Vault maps used:
D:1:      saegor_arrival_under_anarchy, nicolae_ashenzari_panopticon
D:2:      chequers_ecumenical_altar_simple, first_bread
D:3:      uniq_robin
D:4:      overflow_temple_1_default
D:5:      grunt_temple_overflow_open, temple_green,
          nicolae_ossuary_entry_false_entrances, kennysheep_cluttered_room
D:6:      nicolae_whirlpool, serial_shops, nicolae_shop_behind_doors,
          uniq_duvessa, uniq_grinder, uniq_blork_the_orc, uniq_pikel,
          uniq_eustachio
D:7:      nicolae_ru_the_path_less_chosen, the_bakery, okawaru_gym_becter
D:8:      gammafunk_temple_overflow_elements, fedhas_altar_1, basic_altar
D:9:      minmay_lair_entry_lava, serial_shops, nicolae_shop_overgrown_old_shop,
          nicolae_shop_competitors_out_of_business, shop
D:10:     basic_altar
D:11:     minmay_the_grid_square_5x5_5x5, serial_shops, shop_fountains
D:12:     minmay_orc_entry_guard_dogs, minmay_item_behind_shaft
D:13:     hangedman_vaults_entry_quadrant_bands, serial_glass, glass_columns_a,
          glass_columns_a, serial_shops, nicolae_shop_crystal,
          grunt_gozag_breadcrumbs
D:14:     lab_entry_generic
D:15:     grunt_enter_depths_magical_seal, minmay_misc_feat_hallway, uniq_louise
Lair:1:   basic_altar, portal_ice_cave_rime
Lair:2:   wad_woods_04, dummy_snake_entry, minivault_26,
          minmay_lair_oklob_chamber
Lair:3:   grunt_megastairs_5, infiniplex_staircase_pool_2, uniq_prince_ribbit2
Lair:4:   elwin_shoals_entry_rooms
Lair:5:   kb_xom_exploding_sheep
Lair:6:   hangedman_lair_caniforms_friends, minmay_slime_entry_oklob_open
Shoals:1: nicolae_shoals_undead_eyrie, uniq_roxanne
Shoals:2: serial_shops, nicolae_shop_temple_entry_statues_fountains,
          argonaut_gorgonesque
Shoals:4: shoals_end_grunt_ice, shoals_ilsuiw_alternative, serial_shops,
          nicolae_shop_behind_doors
Snake:2:  serial_shops, shop, uniq_agnes, uniq_frances
Snake:4:  snake_pit_salamanders_mu, serial_shops, shop, lemuel_fruit_tree
Slime:2:  basic_altar, nicolae_slime_round_cave
Slime:4:  nicolae_slime_phagocytosis
Orc:2:    st_orc_rangers, nicolae_orc_tapped_out
Elf:1:    hangedman_elf_disciples, lemuel_blue_sif_altar, uniq_kirke
Elf:2:    st_stairs_7
Elf:3:    minmay_elf_hall_hex
Vaults:1: minmay_guarded_unrand_guard_vaults, ontoclasm_vaults_ring_square,
          ontoclasm_vaults_decontamination, ontoclasm_vaults_chip, v_misc_5,
          v_pattern_1, nicolae_vaults_little_squares_1, serial_shops,
          nicolae_shop_overgrown_old_shop, shop
Vaults:2: v_rooms_3, hangedman_vaults_restitches,
          nicolae_vaults_twisting_passages, st_greater_box_1,
          hangedman_vaults_stitches, hangedman_vaults_impose,
          nicolae_vaults_little_squares_6, grunt_vaults_funnel,
          ontoclasm_vaults_ligature, vaults_room_pool, serial_shops, shop
Vaults:3: ontoclasm_vaults_eye, minmay_crypt_entry_nasty_monster, v_pattern_3,
          nicolae_vaults_little_squares_4, hangedman_vaults_variations,
          vaults_mumra_minichess_inversion, hangedman_vaults_nails,
          vaults_standard_mumra_enter_the_diamond,
          nicolae_vaults_big_angled_halls, nicolae_vaults_little_squares_2,
          nicolae_vaults_little_squares_3, nicolae_vaults_little_squares_3,
          uniq_mennas, uniq_jory
Vaults:4: v_pattern_5, vaults_room_grid, nicolae_vaults_shelves_hall,
          v_alt_pattern_4, vaults_dpeg_hooks, nicolae_vaults_little_squares_2,
          v_misc_18, hangedman_vaults_cutoff, vaults_mumra_chevron_long,
          ontoclasm_vaults_idyll, ontoclasm_vaults_idyll,
          nicolae_vaults_what_the_h, vaults_dpeg_spiral
Crypt:1:  cheibrodos_crypt_down_in_the_bonehoard, grunt_megastairs_3
Crypt:2:  uniq_frederick, uniq_donald, uniq_margery, uniq_boris
Crypt:3:  cryptofortress_bobbens, uniq_sojobo
Depths:1: lemuel_crystal_altar, serial_shops, shop, abyss_entry,
          pf_dread_powers_of_hell, st_stairs_6, minivault_11, nicolae_rare_books
Depths:2: grunt_house_of_mirrors, abyss_entry, hell_entry, serial_bayou_ford_a,
          spider_trap, lightli_giant_bouncers
Depths:3: lemuel_vampire_tower, enter_ziggurat_a, rand_demon_pan_entry_8,
          hell_entry, minmay_crystal_room, minmay_shop_star,
          serial_bayou_shore_a, uniq_boris
Depths:4: spriggan_forest, abyss_entry, hell_entry, uniq_jorgrun
Depths:5: grunt_zot_entry_alcove, abyss_entry_small_statue_room,
          grunt_pan_entry_in_and_out, minmay_misc_feat_chi, lightli_too_deep,
          minmay_shop_grove
Zot:1:    gammafunk_sealed_arena
Zot:2:    grunt_megastairs_2, basic_stair_grate_trap, uniq_tiamat
Zot:4:    zot_minivault_2
Zot:5:    lemuel_baited_zot_trap
Abyss:4:  hangedman_grunt_abyss_rune_horror_hoard, bh_abyss_negative,
          hangedman_abyss_or_decor_lesser_grid, evilmike_abyss_exit_16,
          evilmike_abyss_exit_15
Abyss:5:  evilmike_abyss_exit_14, patterned_corridor, hangedman_decor_points,
          hangedman_abyss_or_decor_slice, guppyfry_abyss_exit_glass_guarded
Pan:      evilmike_mini_pan_3x3, pan_blood_fountain_small, pan_blood_fountain,
          grunt_pan_in_and_out, evilmike_mini_pan_doors_b,
          nicolae_pan_gloorx_vloqian_3, grunt_pan_frozen_over,
          pan_blood_fountain_small, nicolae_pan_sigil_uleosi,
          evilmike_mini_pan_3x3, pan_blood_fountain_small, grunt_pan_sceptre,
          rand_demon_9, nicolae_pan_mnolegish_5, grunt_pan_sceptre,
          evilmike_holy_pan, regret_index_pan_draining_boxed, cerebov,
          nicolae_pan_gloorx_vloqian_4, evilmike_mini_pan_doors_b, rand_demon_9,
          rand_demon_7, rand_demon_4, pan_blood_fountain_small,
          lom_lobon_spiral_st, pan_surprise, lemuel_hall_of_pain,
          nicolae_pan_lom_lobonic_4, nicolae_pan_sigil_eeng,
          mnoleg_grunt_wretched_star
Zig:9:    ziggurat_pillar_centre_oklobs
Zig:10:   ziggurat_pillar_centre_c
Lab:      nicolae_lab_dead_adventurers, labyrinth_skeletal_remains,
          nicolae_lab_garden, nicolae_lab_hexagon
Ossuary:  ossuary_minmay_tomb_2a
IceCv:    ice_cave_caverns_01

Skill      XL: |  1  2  3  4  5  6  7  8  9 10 11 12 13 14 15 16 17 18 19 20 21 22 23 24 25 26 27 |
---------------+----------------------------------------------------------------------------------+-----
Dodging        | 1 2 3 4 6 7 8 9 10 11 12 14 16 17 18 26 | 26.0
Long Blades    | 3 4 5 6 7 9 10 11 12 13 14 15 18 20 21 23 24 26 | 26.0
Armour         | 2 3 4 5 9 11 12 | 12.2
Fighting       | 4 5 6 7 9 10 11 12 15 17 19 26 | 26.1
Spellcasting   | 2 4 5 6 8 9 10 11 12 13 20 | 20.0
Transmutations | 1 5 8 10 | 10.1
Earth Magic    | 1 6 8 10 | 10.0
Evocations     | 4 15 | 15.1

Action                   |  1- 3 |  4- 6 |  7- 9 | 10-12 | 13-15 | 16-18 | 19-21 | 22-24 | 25-27 || total
-------------------------+-------+-------+-------+-------+-------+-------+-------+-------+-------++-------
Melee: Falchion          |    66 |    89 |       |       |       |       |       |       |       ||   155
       Great sword       |       |     7 |   199 |   382 |   673 |   663 |   658 |       |       ||  2582
       Staff             |       |       |     8 |       |       |       |       |       |       ||     8
       Triple sword      |       |       |       |       |       |       |    76 |  1777 |  2715 ||  4568
       Kick              |       |       |       |       |       |       |       |    59 |   983 ||  1042
 Cast: Statue Form       |       |       |       |       |    10 |    27 |    28 |    16 |   110 ||   191
       Apportation       |       |       |       |       |       |       |       |     2 |     7 ||     9
Invok: Heavenly Storm    |       |       |       |       |       |       |       |       |    18 ||    18
 Abil: End Transformatio |       |       |       |       |     7 |    11 |     4 |     3 |    33 ||    58
       Stop Flying       |       |       |       |       |       |       |       |       |     1 ||     1
       Evoke Blink       |       |       |       |       |       |       |       |       |     1 ||     1
Evoke: Wand              |     3 |     9 |     4 |       |     8 |       |     4 |     4 |    10 ||    42
       Box of beasts     |       |       |       |     1 |       |       |     2 |       |       ||     3
       Lamp of fire      |       |       |       |     1 |       |       |       |       |       ||     1
       Sack of spiders   |       |       |       |       |       |       |     5 |       |       ||     5
       Fan of gales      |       |       |       |       |       |       |     1 |       |       ||     1
  Use: Scroll            |    10 |     3 |     3 |    11 |    14 |     8 |    17 |     9 |    25 ||   100
       Potion            |     2 |     5 |     1 |     3 |     2 |     1 |    42 |     8 |    16 ||    80
 Stab: Petrified         |     8 |       |       |     5 |       |       |     1 |       |       ||    14
       Paralysed         |     1 |       |       |       |       |     1 |     1 |       |       ||     3
       Sleeping          |       |       |     1 |       |       |       |       |       |       ||     1
       Confused          |       |       |     2 |     1 |       |     4 |       |       |       ||     7
       Distracted        |       |       |       |       |     1 |     2 |     1 |     4 |     1 ||     9
       Petrifying        |       |       |       |       |       |       |     1 |       |       ||     1
       Invisible         |       |       |       |       |       |       |       |     7 |       ||     7
  Eat: Chunk             |       |     1 |     7 |     4 |     5 |     3 |     8 |    10 |     1 ||    39
       Fruit             |       |       |     1 |       |     2 |     8 |       |       |    10 ||    21
       Royal jelly       |       |       |       |     2 |     3 |     4 |     6 |     4 |     5 ||    24
       Bread ration      |       |       |       |       |     1 |       |       |       |       ||     1
       Meat ration       |       |       |       |       |     1 |       |     1 |     3 |    10 ||    15
Armor: Leather armour    |    44 |    40 |     9 |    29 |    33 |     1 |       |       |       ||   156
       Chain mail        |       |       |   102 |   145 |   148 |       |       |       |       ||   395
       Skin              |       |       |       |       |    24 |   268 |   199 |    81 |   660 ||  1232
       Troll leather arm |       |       |       |       |       |    22 |    12 |     7 |     8 ||    49
       Plate armour      |       |       |       |       |       |       |    47 |   549 |       ||   596
Dodge: Dodged            |    67 |    67 |   108 |   309 |   541 |   743 |  1100 |  1377 |  3674 ||  7986
       Deflected         |       |       |       |       |       |       |    15 |    15 |    67 ||    97
Block: Other             |       |       |       |       |       |   253 |   334 |       |       ||   587
       Reflection        |       |       |       |       |       |    40 |    27 |       |       ||    67
       Rpst.: Falchion   |    16 |    14 |       |       |       |       |       |       |       ||    30
       Great sword       |       |     3 |    32 |    71 |    97 |   156 |   189 |       |       ||   548
       Triple sword      |       |       |       |       |       |       |    22 |   254 |   657 ||   933
